 Dungeon Crawl Stone Soup version 0.27.1-2-g3b301248ec (webtiles) character file.

Game seed: 4523086139342462356

93039 ABBCCCDDDD the Peltast (level 16, -9/114 HPs)
             Began as an Octopode Abyssal Knight on Sept 24, 2021.
             Was a Priest of Lugonu.
             Killed from afar by a deep elf knight (49 damage)
             ... with a shard of ice
             ... on level 1 of the Elven Halls.
             The game lasted 01:50:26 (54521 turns).

ABBCCCDDDD the Peltast (Octopode Abyssal Knight)   Turns: 54521, Time: 01:50:26

Health: -9/114     AC: 11    Str: 17    XL:     16   Next: 7%
Magic:  17/17      EV: 13    Int: 33    God:    Lugonu [***...]
Gold:   1834       SH: 14    Dex: 15    Spells: 20/28 levels left

rFire    + + .     SeeInvis +   R - +12 flail of Karma {holy, rElec Int+3}
rCold    . . .     Faith    .   e - +0 kite shield
rNeg     + . .     Spirit   .   s - +2 hat
rPois    +         Reflect  .   (no amulet)
rElec    +         Harm     .   c - +4 ring of protection
rCorr    .         Rampage  .   k - +4 ring of protection
Will     ++...                  f - +6 ring of intelligence
Stlth    ++++......             z - ring of protection from fire
HPRegen  0.29/turn              g - ring of protection from fire
MPRegen  0.15/turn              E - ring of see invisible
                                x - ring of the Ladybird {rPois rN+ Will+ Int+4 Dex+4}
                                S - ring of the Mantidfly {Wiz rPois MP-9 Str+4}

@: no status effects
A: almost no armour, amphibious, 8 rings, camouflage 1, gelatinous body 1,
(nimble swimmer 1), tentacles
a: Renounce Religion, Depart the Abyss, Bend Space, Banish


You were on level 1 of the Elven Halls.
You worshipped Lugonu.
Lugonu was most pleased with you.
You visited 6 branches of the dungeon, and saw 24 of its levels.
You visited the Abyss 4 times.

You collected 2394 gold pieces.
You spent 560 gold pieces at shops.

Inventory:

Hand Weapons
 v - a +0 broad axe
 A - the +10 dagger "Jymnuh" {vorpal, rElec rN+ Str+4}
   (You found it on level 5 of the Lair of Beasts)

   It inflicts extra damage upon your enemies.
   Str:       It affects your strength (+4).
   rElec:     It insulates you from electricity.
   rN:        It protects you from negative energy.
 C - a +3 hand axe of flaming
 R - the +12 flail of Karma (weapon) {holy, rElec Int+3}
   (You found it on level 11 of the Dungeon)

   It has been blessed by the Shining One to cause great damage to the undead
   and demons.
   Int:       It affects your intelligence (+3).
   rElec:     It insulates you from electricity.
Missiles
 i - 46 poisoned darts (quivered)
 O - 3 curare-tipped darts
Armour
 e - a +0 kite shield (worn)
 s - a +2 hat (worn)
Jewellery
 b - a ring of fire
 c - a +4 ring of protection (left tentacle)
 f - a +6 ring of intelligence (on tentacle)
 g - a ring of protection from fire (on tentacle)
 k - a +4 ring of protection (right tentacle)
 t - an amulet of faith
 x - the ring of the Ladybird (on tentacle) {rPois rN+ Will+ Int+4 Dex+4}
   (You acquired it on level 5 of the Lair of Beasts)

   [ring of positive energy]

   Int:       It affects your intelligence (+4).
   Dex:       It affects your dexterity (+4).
   rPois:     It protects you from poison.
   rN:        It protects you from negative energy.
   Will:      It increases your willpower.
 z - a ring of protection from fire (on tentacle)
 E - a ring of see invisible (on tentacle)
 I - a ring of flight
 K - a ring of resist corrosion
 S - the ring of the Mantidfly (on tentacle) {Wiz rPois MP-9 Str+4}
   (You found it on level 1 of the Abyss)

   [ring of wizardry]

   It improves your spell success rate.
   Str:       It affects your strength (+4).
   rPois:     It protects you from poison.
   MP:        It affects your magic capacity (-9).
 T - a +6 ring of dexterity
Wands
 l - a wand of digging (6)
 u - a wand of polymorph (11)
 P - a wand of flame (44)
Scrolls
 d - 3 scrolls of teleportation
 o - a scroll of enchant armour
 p - 5 scrolls of amnesia
 q - a scroll of silence
 r - 4 scrolls of magic mapping
 w - 3 scrolls of enchant weapon
 y - a scroll of fog
 F - 2 scrolls of identify
 G - 7 scrolls of torment
 M - 2 scrolls of vulnerability
 U - a scroll of blinking
 V - 3 scrolls of holy word
 W - a scroll of fear
Potions
 a - 2 potions of attraction
 h - 7 potions of haste
 j - 4 potions of flight
 m - 3 potions of mutation
 n - 8 potions of curing
 B - a potion of lignification
 D - a potion of resistance
 H - 8 potions of brilliance
 J - a potion of cancellation
 N - a potion of berserk rage
 Q - 2 potions of magic
Miscellaneous
 L - a box of beasts


   Skills:
 + Level 12.3 Fighting
 - Level 3.0 Short Blades
 - Level 12.0 Axes
 - Level 2.3 Dodging
 - Level 6.0 Stealth
 - Level 15.0 Shields
 + Level 6.9 Spellcasting
 - Level 4.8 Conjurations
 - Level 7.2 Ice Magic
 - Level 4.0 Air Magic
 - Level 8.8 Invocations
 - Level 8.0 Evocations


You had 20 spell levels left.
You knew the following spells:

 Your Spells              Type           Power      Damage    Failure   Level
a - Ozocubu's Armour      Ice            56%        N/A       1%          3
b - Freezing Cloud        Conj/Ice/Air   23%        6-21      4%          5

Your spell library contained the following spells:

 Spells                   Type           Power      Damage    Failure   Level
 Magic Dart               Conj           100%       1d8       1%          1
 Summon Small Mammal      Summ           44%        N/A       1%          1
 Corpse Rot               Necr/Air       N/A        N/A       1%          2
 Poisonous Vapours        Pois/Air       48%        N/A       1%          2
 Dazzling Flash           Conj/Hex       54%        N/A       1%          3
 Call Canine Familiar     Summ           11%        N/A       4%          3
 Summon Guardian Golem    Hex/Summ       11%        N/A       4%          3
 Metabolic Englaciation   Hex/Ice        17%        N/A       11%         5
 Olgreb's Toxic Radiance  Pois           11%        N/A       16%         4
 Silence                  Hex/Air        12%        N/A       19%         5
 Agony                    Necr           11%        N/A       38%         5
 Simulacrum               Ice/Necr       17%        N/A       45%         6
 Ozocubu's Refrigeration  Ice            28%        4d10      52%         7
 Ignition                 Fire           5%         3d4       100%        8


Dungeon Overview and Level Annotations

Branches:
Dungeon (13/15)            Temple (0/1) D:4            Lair (6/6) D:9
 Shoals (1/4) Lair:3        Snake (1/4) Lair:4        Slime (0/5) Lair:6
    Orc (2/2) D:9             Elf (1/3) Orc:2
 Vaults: D:13-14

Altars:
Fedhas
Hepliaklqana
Kikubaaqudgha
Makhleb
Qazlal
Sif Muna
Uskayaw
Vehumet
Wu Jian
Xom
Zin
The Shining One
Beogh
Lugonu

Shops:
D:5 (   D:6 ?   Orc:2 (*[(   Elf:1 =

Portals:
Abyss: Elf:1 Lair:6

Annotations:
D:4 1 runed translucent door, Crazy Yiuf
D:9 Mesmaeker13's ghost, novice OgHu
D:11 exclusion: downstairs
Lair:2 exclusion: ice statue
Lair:5 Josephine
Lair:6 corrupted
Orc:2 exclusion: upstairs, Saint Roka
Elf:1 2 transporters, ABBCCCDDDD's ghost, adept OpNe


Innate Abilities, Weirdness & Mutations

You cannot wear most types of armour.
You are amphibious.
You can wear up to eight rings at the same time.
Your skin changes colour to match your surroundings (Stealth+).
Your rubbery body absorbs attacks. (AC +1, EV +1)
((You are camouflaged near water. (Stealth+)))
You have tentacles for arms and can constrict up to eight enemies at once.


Message History

The lance of force hits you!
You are knocked back by the lance of force.
You slam into the rock wall!
The deep elf knight hits you with a +0 long sword!
You sock the deep elf knight! Your grab misses the deep elf knight.
The deep elf knight is moderately wounded.
You block the deep elf knight's attack.
You barely miss the deep elf knight. Your grab misses the deep elf knight.
You squeeze the deep elf knight.
The deep elf knight is moderately wounded.
The deep elf knight hits you with a +0 long sword.
You closely miss the deep elf knight. You grab the deep elf knight.
You squeeze the deep elf knight!
The deep elf knight is severely wounded.
You constrict the deep elf knight.
The deep elf knight hits you with a +0 long sword!
The deep elf knight casts a spell at you.
The lance of force hits you!
You are knocked back by the lance of force.
You slam into the rock wall!
You are too injured to fight recklessly!
You barely miss the deep elf knight.
The deep elf knight is severely wounded.
You constrict the deep elf knight. You block the deep elf knight's attack.
The deep elf knight hits you but does no damage.
The deep elf knight casts a spell at you.
You block the shard of ice.
You sock the deep elf knight! You squeeze the deep elf knight.
You kill the deep elf knight!
Lugonu accepts your kill. You block the deep elf knight's attack.
You thump the deep elf knight! You grab the deep elf knight.
The deep elf knight is lightly wounded.
You constrict the deep elf knight. The deep elf knight barely misses you.
You sock the deep elf knight! You squeeze the deep elf knight!
The deep elf knight is severely wounded.
You constrict the deep elf knight.
The deep elf knight casts a spell at you.
The shard of ice hits you!!!
You die...

##..............#XW..#,
##........#.)..##G##..
##......##.....#####,
##....###.........##
##'### #####).....♣ #.#
##.)###..# #.#
#..##R##..
##.#######.##,..#,#
#)@........##,..#*#
#e#######...##.#.,. #.*
#...©#$#..* #.*
###..#1..#* #.*
##.♣#.### #.* #..###..
#.* #....).. #.*
###.###...
*,****####.....##..


You could see a deep elf knight.

Levels and vault maps discovered:
D:1:      matt_arrival_los_fun, layout_basic, ebering_ecumenical_altar_mist
D:2:      layout_rooms, uniq_sigmund, uniq_natasha
D:3:      layout_basic, nicolae_vehumet_altar_sigil, uniq_ijyb
D:4:      layout_loops_ring, lemuel_temple_firewalk_a, minmay_joined_circles,
          uniq_crazy_yiuf_cottage
D:5:      layout_loops_corners, grunt_qazlal_sundering, led_sif_book,
          nicolae_hepliaklqana_monster_ancestors, serial_shops,
          nicolae_shop_trees
D:6:      layout_cave_pods, kennysheep_mini, mainiacjoe_overflow_paths,
          serial_shops, shop, minmay_misc_feat_five, st_stairs_7,
          minmay_fractal_squares_5, uniq_pikel
D:7:      layout_basic, nzn_wu_jian_contemplation
D:8:      layout_loops_ring, lemuel_round_altar
D:9:      layout_loops_ring, kiku_gazebo_garden_becter,
          mainiacjoe_overflow_two_lobes, dpeg_lair_monsters,
          kennysheep_orc_monster_closet_entryway, ebering_ghost_disaster_area
D:10:     layout_irregular_city, lemuel_round_altar
D:11:     cheibrodos_elevator_heist, layout_basic, onia_ninara_cookie
D:12:     minmay_the_grid_square_5x5_4x4_mashed [minmay_the_grid_square_5x5_z,
          minmay_the_grid_square_5x5_comb, minmay_the_grid_square_5x5_plus,
          minmay_the_grid_square_5x5_checkered_statues,
          minmay_the_grid_square_5x5_intrusive_squares,
          minmay_the_grid_square_5x5_prize_open,
          minmay_the_grid_square_5x5_prize_open,
          minmay_the_grid_square_5x5_minimal,
          minmay_the_grid_square_5x5_trominoes,
          minmay_the_grid_square_5x5_prize_deathbox,
          minmay_the_grid_square_5x5_prize_itemx,
          minmay_the_grid_square_5x5_tri_point,
          minmay_the_grid_square_5x5_beaten_path,
          minmay_the_grid_square_5x5_eight_small,
          minmay_the_grid_square_5x5_checkered_sparse,
          minmay_the_grid_square_5x5_misaligned], layout_rooms,
          amcnicky_mini_rare_corridor_liquid, nicolae_gozag_seed_capital
D:13:     layout_irregular_city
Lair:1:   layout_hall_layers, serial_bayou_shore_b
Lair:2:   layout_cave_pods, ice2_lemuel
Lair:3:   layout_roguey, shoals_dummy_entry, serial_bayou_lagoon_a,
          bh_autumn_forest_stairs, uniq_snorg
Lair:4:   layout_regular_city, dummy_snake_entry, beast_lair_carwin_4,
          infiniplex_staircase_pool
Lair:5:   layout_small_grid, serial_bayou_shore_a, uniq_josephine
Lair:6:   hellmonk_lair_end_abyssal_woods, layout_gridlike,
          minmay_slime_entry_pillars
Shoals:1: layout_shoals, abandoned_shop, uniq_jorgrun, uniq_frances
Snake:1:  layout_layer_cave, nicolae_snake_salamander_fort, minmay_shop_grove,
          uniq_aizul
Orc:1:    layout_caves, nicolae_orc_lava_tube
Orc:2:    grunt_orc_community_town_hall, layout_caves,
          grunt_orc_community_big_house_1, grunt_orc_community_big_house_2,
          grunt_orc_community_house_1, grunt_orc_community_house_2,
          grunt_orc_community_house_1, grunt_orc_community_house_3, basic_altar,
          nicolae_orc_lava_room
Elf:1:    minmay_elf_arrival_circle, layout_gridlike, serial_shops,
          nicolae_shop_crystal, gammafunk_ghost_abyssal_escape, basic_altar,
          hangedman_corner_corridor

Notes
Turn   | Place    | Note
-------+----------+-------------------------------------------
     0 | Abyss:1  | ABBCCCDDDD the Octopode Abyssal Knight began the quest for
                  | the Orb.
     0 | Abyss:1  | Reached XP level 1. HP: 16/16 MP: 2/2
    65 | Abyss:1  | Found a corrupted altar of Lugonu.
   129 | Abyss:1  | Noticed a revenant
   130 | D:1      | Escaped the Abyss
   175 | D:1      | Found a faded altar of an unknown god.
   371 | D:1      | Reached * piety under Lugonu
   372 | D:1      | Reached XP level 2. HP: 21/21 MP: 3/3
   521 | D:1      | Reached XP level 3. HP: 26/26 MP: 4/4
  1348 | D:2      | Noticed Sigmund
  1720 | D:2      | Noticed Natasha
  1725 | D:2      | Killed Natasha
  1726 | D:2      | Reached skill level 1 in Stealth
  1726 | D:2      | Reached XP level 4. HP: 30/32 MP: 6/6
  1875 | D:2      | Noticed Natasha
  1895 | D:2      | Killed Natasha
  1954 | D:2      | Noticed Natasha
  1961 | D:2      | Killed Natasha
  1962 | D:2      | Reached XP level 5. HP: 31/37 MP: 7/7
  2309 | D:3      | Reached ** piety under Lugonu
  2310 | D:3      | Reached XP level 6. HP: 43/43 MP: 8/8
  2382 | D:3      | Found a radiant altar of Vehumet.
  2382 | D:3      | You fall into a shaft and drop 2 floors!
  2382 | D:5      | Entered Level 5 of the Dungeon
  2397 | D:5      | Found a stormy altar of Qazlal.
  2517 | D:5      | Found Muba's Antique Weapon Emporium.
  2684 | D:5      | Found a shimmering blue altar of Sif Muna.
  2690 | D:5      | Noticed a necrophage
  2703 | D:5      | Killed a necrophage
  3045 | D:5      | Noticed an orc warrior
  3187 | D:4      | Learned a level 3 spell: Ozocubu's Armour
  3309 | D:4      | Noticed an ice beast
  3388 | D:4      | Reached XP level 7. HP: 35/49 MP: 10/10
  3390 | D:4      | Reached skill level 5 in Stealth
  3641 | D:4      | Found a runed translucent door.
  3662 | D:4      | Noticed Crazy Yiuf
  3797 | D:3      | Noticed Ijyb
  4044 | D:4      | Reached skill level 5 in Fighting
  4242 | D:4      | Found a staircase to the Ecumenical Temple.
  4322 | D:4      | Reached skill level 1 in Ice Magic
  4486 | D:3      | Reached *** piety under Lugonu
  4663 | D:5      | Reached skill level 1 in Spellcasting
  4777 | D:5      | Found a hazy altar of Hepliaklqana.
  4793 | D:5      | Identified a scroll of acquirement
  4794 | D:5      | Acquired a +6 ring of intelligence
  4830 | D:5      | Bought a glowing dagger for 115 gold pieces
  5248 | D:6      | Noticed Pikel
  5319 | D:6      | Reached skill level 5 in Invocations
  5385 | D:6      | Found a glowing silver altar of Zin.
  5482 | D:6      | Reached skill level 1 in Axes
  5549 | D:5      | Reached XP level 8. HP: 34/55 MP: 11/11
  6303 | D:7      | Found an ornate altar of the Wu Jian Council.
  6772 | D:6      | Killed Pikel
  6773 | D:6      | Reached XP level 9. HP: 48/63 MP: 13/13
  6854 | D:6      | Found Goodeut's Magic Scroll Boutique.
  6867 | D:6      | Bought a scroll of fog for 22 gold pieces
  6867 | D:6      | Bought a scroll of fear for 38 gold pieces
  6907 | D:6      | Found a burning altar of Makhleb.
  7617 | D:2      | Killed Sigmund
  7666 | D:3      | Killed Ijyb
  8351 | D:5      | Got Sif Muna's Incunabulum of Battle Magic
  9110 | D:8      | Found a blossoming altar of Fedhas.
  9163 | D:8      | Reached **** piety under Lugonu
  9169 | D:8      | Reached skill level 5 in Ice Magic
  9412 | D:8      | Reached skill level 5 in Axes
 10050 | D:8      | Identified the +1 scale mail "Xamac" {Harm Int+4 Dex+2}
 10208 | D:9      | Reached XP level 10. HP: 27/72 MP: 15/15
 10490 | D:9      | Found an ancient bone altar of Kikubaaqudgha.
 10498 | D:9      | Noticed a two-headed ogre
 10577 | D:9      | Found a shimmering altar of Xom.
 10605 | D:9      | Found a glowing golden altar of the Shining One.
 10876 | D:9      | Found a staircase to the Orcish Mines.
 11579 | D:9      | Found a large runed translucent door.
 12665 | D:9      | Found a large runed translucent door.
 12667 | D:9      | Noticed Mesmaeker13's ghost (novice OgHu)
 12745 | D:9      | Found a staircase to the Lair.
 12745 | D:9      | Noticed a death yak
 12745 | D:9      | Noticed a death yak
 12824 | D:9      | Noticed a death yak
 12826 | D:9      | Banished a death yak
 13635 | D:8      | Banished a death yak
 13888 | D:9      | Reached XP level 11. HP: 77/81 MP: 17/17
 13947 | D:9      | Banished a two-headed ogre
 13948 | D:9      | Reached skill level 10 in Fighting
 14030 | D:10     | Entered Level 10 of the Dungeon
 14350 | D:10     | Found a hide-covered altar of Uskayaw.
 14926 | D:11     | Noticed a cyan ugly thing
 14926 | D:11     | Noticed a manticore
 14999 | D:11     | Noticed a centaur warrior
 15004 | D:11     | Noticed a boulder beetle
 15013 | D:11     | Noticed a cyclops
 15416 | Lair:1   | Entered Level 1 of the Lair of Beasts
 16208 | Lair:1   | You fall into a shaft and drop 1 floor!
 16982 | Lair:3   | Reached skill level 1 in Evocations
 17002 | Lair:3   | Noticed a death yak
 17013 | Lair:3   | Found a staircase to the Shoals.
 17586 | Lair:3   | Noticed a four-headed hydra
 17718 | Lair:3   | Reached XP level 12. HP: 90/91 MP: 15/18
 17989 | Lair:1   | Reached skill level 10 in Axes
 18543 | Lair:2   | Reached skill level 5 in Evocations
 19481 | Lair:3   | Noticed a death yak
 19483 | Lair:3   | Banished a death yak
 19484 | Lair:3   | Noticed a death yak
 19484 | Lair:3   | Noticed a death yak
 19486 | Lair:3   | Noticed a death yak
 19873 | Lair:4   | Found a staircase to the Snake Pit.
 19916 | Lair:4   | Noticed a death yak
 19999 | Lair:4   | Reached skill level 1 in Shields
 20075 | Lair:4   | Reached skill level 2 in Shields
 20796 | Lair:4   | Noticed a death yak
 21077 | Lair:3   | Noticed Snorg
 21078 | Lair:3   | Killed a four-headed hydra
 21085 | Lair:3   | Killed Snorg
 21086 | Lair:3   | Reached skill level 3 in Shields
 21313 | D:9      | Killed a death yak
 21501 | Orc:1    | Entered Level 1 of the Orcish Mines
 22144 | Orc:1    | Noticed an orc warlord
 22415 | Orc:2    | Entered Level 2 of the Orcish Mines
 22565 | Orc:2    | Reached skill level 4 in Shields
 23048 | Orc:2    | Paralysed by an orc sorcerer for 7 turns
 23128 | Orc:2    | Found Uquadd's Weapon Shop.
 23466 | Orc:2    | Noticed Saint Roka
 23700 | Orc:2    | Reached XP level 13. HP: 80/96 MP: 16/19
 23866 | Orc:2    | Found Januocie's General Store.
 24240 | Orc:2    | Reached skill level 5 in Shields
 24554 | Orc:2    | Found a staircase to the Elven Halls.
 25048 | Orc:2    | Found Ageguoc's Antique Armour Boutique.
 25049 | Orc:2    | Found Jesoppif's Antique Weapon Shop.
 26378 | Lair:2   | Reached skill level 6 in Shields
 27602 | Lair:4   | Reached skill level 7 in Shields
 28847 | Lair:5   | Reached skill level 8 in Shields
 29076 | Lair:5   | Noticed Josephine
 29186 | Lair:5   | Identified the +10 dagger "Jymnuh" {vorpal, rElec rN+
                  | Str+4}
 29948 | Lair:5   | Acquired the ring of the Ladybird {rPois rN+ Will+ Int+4
                  | Dex+4}
 30201 | Lair:6   | Entered Level 6 of the Lair of Beasts
 30236 | Lair:5   | Reached ***** piety under Lugonu
 30264 | Lair:6   | Corrupted Lair:6
 30332 | Lair:6   | Noticed a starcursed mass
 30469 | Lair:6   | Reached skill level 9 in Shields
 31676 | Lair:6   | Found a staircase to the Slime Pits.
 31695 | Lair:6   | Reached skill level 10 in Shields
 32900 | D:11     | Reached skill level 11 in Shields
 32900 | D:11     | Reached XP level 14. HP: 38/102 MP: 20/20
 34273 | D:11     | Identified the +12 flail of Karma {holy, rElec Int+3}
 34796 | D:11     | Cast into level 1 of the Abyss (kobold demonologist)
 34832 | Abyss:1  | Found a corrupted altar of Lugonu.
 34840 | Abyss:1  | Identified the ring of the Mantidfly {Wiz rPois MP-9 Str+4}
 34864 | Abyss:1  | Noticed a starcursed mass
 34864 | Abyss:1  | Noticed a balrug
 34920 | D:11     | Escaped the Abyss
 34955 | D:11     | Reached skill level 12 in Shields
 36344 | D:11     | Learned a level 5 spell: Freezing Cloud
 37098 | Elf:1    | Entered Level 1 of the Elven Halls
 37794 | Orc:1    | Reached skill level 13 in Shields
 37794 | Orc:1    | Reached skill level 1 in Air Magic
 37867 | Orc:1    | Reached skill level 1 in Conjurations
 38134 | Orc:1    | Killed an orc warlord
 43789 | Lair:6   | Reached XP level 15. HP: 53/108 MP: 21/21
 44910 | Lair:6   | Found a corrupted altar of Lugonu.
 44910 | Lair:6   | Found a one-way gate to the infinite horrors of the Abyss.
 45028 | Lair:6   | Voluntarily entered the Abyss.
 45141 | Abyss:1  | Reached skill level 14 in Shields
 45143 | Lair:6   | Escaped the Abyss
 45386 | Lair:6   | Voluntarily entered the Abyss.
 45548 | Lair:6   | Escaped the Abyss
 47009 | Snake:1  | Entered Level 1 of the Snake Pit
 49725 | Shoals:1 | Entered Level 1 of the Shoals
 49739 | Shoals:1 | HP: 3/108 [wind drake (4)]
 50133 | D:6      | Bought a scroll of teleportation for 33 gold pieces
 50133 | D:6      | Bought a scroll of silence for 82 gold pieces
 52012 | Elf:1    | Paralysed by an air elemental for 1 turns
 52017 | Orc:2    | Paralysed by an air elemental for 1 turns
 52118 | Elf:1    | Paralysed by an air elemental for 1 turns
 52122 | Orc:2    | Paralysed by an air elemental for 1 turns
 52624 | Elf:1    | Paralysed by an air elemental for 1 turns
 52627 | Elf:1    | Paralysed by an air elemental for 1 turns
 52684 | Elf:1    | Found Myxiytz's Jewellery Emporium.
 52688 | Elf:1    | Reached skill level 15 in Shields
 52690 | Elf:1    | Paralysed by an air elemental for 1 turns
 52704 | Elf:1    | Bought a ring of see invisible for 270 gold pieces
 52946 | Elf:1    | Found a radiant altar of Vehumet.
 52950 | Elf:1    | Found a transporter.
 52970 | Elf:1    | Noticed a tentacled starspawn
 52973 | Elf:1    | Noticed a Hell Sentinel
 52987 | Elf:1    | Found a transporter.
 52988 | Elf:1    | Noticed ABBCCCDDDD's ghost (adept OpNe)
 53003 | Elf:1    | Reached skill level 5 in Spellcasting
 54070 | Elf:1    | Reached XP level 16. HP: 66/114 MP: 16/25
 54521 | Elf:1    | Killed from afar by a deep elf knight

Table legend: (Time is in decaauts)
 A = Elapsed time spent in this place.
 B = Non-inter-level travel time spent in this place.
 C = Inter-level travel time spent in this place.
 D = Time resting spent in this place.
 E = Time spent auto-exploring this place.
 F = Levels seen in this place.
 G = Mean time per level.
                   A        B        C        D        E       F      G
               +--------+--------+--------+--------+--------+-----+--------+
         Total |  54457 |  50634 |   3823 |  23832 |  15211 |  28 | 1944.9 |
       Dungeon |  26366 |  23957 |   2409 |  11280 |   7760 |  13 | 2028.2 |
          Lair |  18630 |  17652 |    978 |   8719 |   5016 |   6 | 3105.0 |
        Shoals |     16 |     16 |      0 |      0 |      0 |   1 |   16.0 |
     Snake Pit |    454 |    454 |      0 |     77 |    144 |   1 |  454.0 |
  Orcish Mines |   6491 |   6091 |    400 |   2717 |   1693 |   2 | 3245.5 |
   Elven Halls |   1966 |   1932 |     34 |   1037 |    543 |   1 | 1966.0 |
         Abyss |    532 |    532 |      0 |      0 |     55 |   4 |  133.0 |
               +--------+--------+--------+--------+--------+-----+--------+

Top non-repeatable levels by time:
    D:11: 6610 daAuts
  Lair:4: 4652 daAuts
  Lair:6: 4402 daAuts
   Orc:2: 4320 daAuts
     D:9: 4229 daAuts
  Lair:2: 3019 daAuts
    D:10: 3013 daAuts
  Lair:3: 2869 daAuts
     D:8: 2308 daAuts
   Orc:1: 2170 daAuts
  Lair:5: 2020 daAuts
     D:6: 1969 daAuts
   Elf:1: 1966 daAuts
  Lair:1: 1667 daAuts
     D:5: 1614 daAuts

Table legend:
 A = Kills in this place as a percentage of kills in entire the game.
 B = Kills by you in this place as a percentage of kills by you in the entire game.
 C = Kills by friends in this place as a percentage of kills by friends in the entire game.
 D = Other kills in this place as a percentage of other kills in the entire game.
 E = Experience gained in this place as a percentage of experience gained in the entire game.
 F = Experience gained in this place divided by the number of levels of this place that you have seen.
                   A       B       C       D       E      F
               +-------+-------+-------+-------+-------+----------------------
         Total | 100.0 | 100.0 | 100.0 | 100.0 | 100.0 | 4746.9
       Dungeon |  45.6 |  45.6 |  16.7 |  77.8 |  34.4 | 3515.5
          Lair |  25.2 |  25.0 |  33.3 |  22.2 |  34.3 | 7608.7
     Snake Pit |   2.0 |   1.3 |  41.7 |   0.0 |   3.7 | 4918.0
  Orcish Mines |  20.9 |  21.4 |   8.3 |   0.0 |   9.5 | 6342.0
   Elven Halls |   5.4 |   5.5 |   0.0 |   0.0 |  16.3 | 21721.0
         Abyss |   1.1 |   1.1 |   0.0 |   0.0 |   1.7 | 559.2
               +-------+-------+-------+-------+-------+----------------------

Action                   |  1- 3 |  4- 6 |  7- 9 | 10-12 | 13-15 | 16-18 || total
-------------------------+-------+-------+-------+-------+-------+-------++-------
Melee: Short sword       |    54 |   113 |   136 |       |       |       ||   303
       Constrict         |    11 |    25 |    63 |    96 |   149 |     3 ||   347
       Tentacles         |    10 |    25 |    55 |   144 |   423 |     4 ||   661
       Hand axe          |       |       |   161 |   785 |   630 |       ||  1576
       Broad axe         |       |       |     5 |       |   933 |     3 ||   941
       Flail             |       |       |       |       |   103 |     8 ||   111
Throw: Dart              |       |     3 |    23 |    31 |   109 |       ||   166
 Cast: Ozocubu's Armour  |       |       |       |    56 |   128 |       ||   184
       Freezing Cloud    |       |       |       |       |    13 |     2 ||    15
Invok: Depart the Abyss  |     1 |       |       |       |     3 |       ||     4
       Banish            |       |       |       |    16 |     7 |       ||    23
       Corrupt           |       |       |       |       |     1 |       ||     1
       Bend Space        |       |       |       |       |     2 |       ||     2
Evoke: Wand              |       |       |       |    28 |    16 |       ||    44
       Box of beasts     |       |       |       |     1 |     5 |       ||     6
  Use: Scroll            |       |       |    15 |     7 |    24 |       ||    46
       Potion            |       |       |     1 |     1 |     8 |       ||    10
 Stab: Sleeping          |     3 |     5 |    13 |     6 |     5 |       ||    32
       Distracted        |       |       |     2 |     1 |     8 |       ||    11
Armor: Skin              |    13 |    22 |   109 |   261 |   500 |     3 ||   908
Dodge: Dodged            |    35 |    70 |   163 |   426 |   726 |     2 ||  1422
Block: Kite shield       |       |       |       |       |   854 |     7 ||   861

Vanquished Creatures
  An orc warlord (Orc:1)
  A deep elf demonologist (Elf:1)
  A deep elf annihilator (Elf:1)
  2 naga warriors (Lair:4)
  5 hydras
  A boulder beetle (D:11)
  An anaconda (Snake:1)
  A dancing weapon (Elf:1)
  A centaur warrior (D:11)
  2 two-headed ogres
  2 thrashing horrors (Lair:6)
  6 death yaks
  A tengu warrior (D:12)
  A soul eater (Abyss:1)
  5 deep elf knights
  A glowing orange brain (Abyss:1)
  A phantasmal warrior (D:11)
  A harpy (Lair:3)
  A swamp dragon (shapeshifter) (Lair:6)
  5 deep elf archers (Elf:1)
  9 deep elf pyromancers
  2 orc knights (D:11)
  14 deep elf zephyrmancers
  2 mana vipers (Snake:1)
  Pikel (D:6)
  3 ugly things (D:11)
  A wolf spider (Lair:6)
  3 manticores (D:11)
  3 orc sorcerers
  5 cyclopes (D:11)
  2 guardian serpents
  4 black mambas
  A torpor snail (Lair:3)
  3 smoke demons (Lair:6)
  2 large abominations (Lair:6)
  7 cane toads
  A gargoyle (D:11)
  6 kobold demonologists
  3 rime drakes
  A rime drake (shapeshifter) (Lair:6)
  An unseen horror (D:11)
  2 ancient zymes (Lair:6)
  7 komodo dragons
  A tengu conjurer (D:11)
  4 polar bears (Lair:2)
  12 trolls
  17 blink frogs
  A wind drake (Lair:3)
  2 meliai zombies (D:11)
  A spriggan (Lair:6)
  2 ynoxinuls (Lair:6)
  4 air elementals
  Sigmund (D:2)
  3 wyverns
  5 wraiths
  A shadow (D:12)
  34 yaks
  12 small abominations
  8 basilisks
  2 fire elementals (Elf:1)
  A neqoxec (Abyss:1)
  A golden eye (shapeshifter) (D:11)
  4 vampire mosquitoes
  2 wargs
  An acid dragon (D:11)
  13 water moccasins
  3 nagas (Snake:1)
  A floating eye (D:11)
  5 ice beasts
  41 orc warriors
  A sky beast (D:7)
  2 black bears
  12 ogres
  A necrophage (D:5)
  3 centaurs
  2 lemures (D:6)
  12 wolves
  6 kobold brigands
  13 bullfrogs
  2 scorpions
  An earth elemental (Elf:1)
  2 gnoll sergeants (D:9)
  8 killer bees
  3 wights (D:8)
  2 electric eels
  4 howler monkeys
  6 centaur zombies
  6 jellies
  A bullfrog zombie (D:6)
  8 hounds
  24 orc priests
  Ijyb (D:3)
  Natasha (thrice) (D:2)
  2 iguanas (D:6)
  25 orc wizards
  3 hell rats
  A killer bee zombie (D:5)
  A hound skeleton (D:4)
  2 howler monkey zombies
  6 gnolls
  2 adders
  3 river rats (D:9)
  A shadow imp (D:8)
  2 white imps
  2 worms
  3 dart slugs
  95 orcs
  7 ball pythons
  3 bats
  10 endoplasms
  A giant cockroach (D:1)
  9 goblins
  4 hobgoblins
  4 jackals (D:3)
  4 quokkas
  3 frilled lizards
  9 kobolds
  2 rats
  A spectral goblin (D:5)
633 creatures vanquished.

Vanquished Creatures (collateral kills)
  Snorg (Lair:3)
  A naga warrior (Snake:1)
  A hydra (Lair:3)
  A death yak (Lair:4)
  A two-headed ogre (D:12)
  A thrashing horror (Lair:6)
  A mana viper (Snake:1)
  A black mamba (Snake:1)
  A troll (D:11)
  2 nagas (Snake:1)
  An orc (Orc:1)
12 creatures vanquished.

Vanquished Creatures (others)
  A two-headed ogre (D:11)
  A cane toad (Lair:6)
  A naga (Snake:1)
  A polar bear (Lair:6)
  5 blink frogs (Lair:6)
  A ynoxinul (Lair:6)
  A small abomination (Lair:6)
  An orc wizard (D:5)
  4 hell rats (Lair:6)
  44 fungi
  95 plants
  4 withered plants (D:9)
159 creatures vanquished.

Grand Total: 804 creatures vanquished
